 Dungeon Crawl Stone Soup version 0.29-a0-901-g46a8461d6a (webtiles) character file.

Game seed: 9348241273726039206

102 wilfster70 the Shooter (level 5, -9/41 HPs)
             Began as a Formicid Hunter on July 24, 2022.
             Mangled by an orc
             ... wielding a +2 whip of electrocution
              (19 damage)
             ... on level 2 of the Dungeon.
             The game lasted 00:04:12 (2213 turns).

wilfster70 the Shooter (Formicid Hunter)            Turns: 2213, Time: 00:04:13

Health: -9/41      AC:  6    Str: 15    XL:     5   Next: 5%
Magic:  5/5        EV: 11    Int:  9    God:
Gold:   139        SH:  0    Dex: 19    Spells: 4/4 levels left

rFire   . . .      SeeInvis +   a - +0 shortbow
rCold   . . .      Faith    .   (no shield)
rNeg    . . .      Spirit   .   i - +0 ring mail
rPois   .          Reflect  .   (helmet unavailable)
rElec   .          Harm     .   (no cloak)
rCorr   .          Rampage  .   g - +0 pair of gloves
Will    .....                   (no boots)
Stlth   ++........              (no amulet)
HPRegen 0.13/turn               (no ring)
MPRegen 0.09/turn               (no ring)

@: no status effects
A: permanent stasis, dig shafts and tunnels, antennae 3, four strong arms
a: Dig, Shaft Self


You were on level 2 of the Dungeon.
You visited 1 branch of the dungeon, and saw 3 of its levels.

You collected 139 gold pieces.

Inventory:

Hand Weapons
 a - a +0 shortbow (weapon)
Armour
 g - a +0 pair of gloves (worn)
 i - a +0 ring mail (worn)
Jewellery
 j - a ring of ice
 o - an amulet of reflection
Scrolls
 b - 2 scrolls of immolation
 e - 2 scrolls of identify {unknown}
 f - a scroll of brand weapon {unknown}
 l - a scroll of magic mapping {unknown}
 n - a scroll of teleportation {unknown}
Potions
 c - 3 potions of heal wounds {unknown}
 d - a potion of lignification {unknown}
 h - a potion of attraction {unknown}
 k - 4 potions of might {unknown}
 m - a potion of flight {unknown}
 p - 2 potions of resistance {unknown}


   Skills:
 + Level 3.3 Fighting
 * Level 5.3 Ranged Weapons
 - Level 1.7 Dodging
 - Level 2.0 Stealth


You had 4 spell levels left.
You didn't know any spells.
Your spell library contained the following spells:

 Spells                   Type           Power      Damage    Failure   Level
 Summon Small Mammal      Summ           0%         N/A       63%         1


Dungeon Overview and Level Annotations

Branches:
Dungeon (3/15)

Altars:
Zin


Innate Abilities, Weirdness & Mutations

You cannot be hasted, slowed, berserked, paralysed or teleported.
You can dig through walls and to a lower floor.
You have a pair of large antennae on your head. (SInv)
Your four strong arms can wield two-handed weapons with a shield.


Message History

The orc wizard flickers and vanishes for a moment.
There is a stone staircase leading up here.
The orc priest hits you but does no damage.
The rat bites you but does no damage.
The orc hits you with a +2 whip of electrocution.
You climb upwards.
There is a stone staircase leading down, spattered with blood here.
Non-targeted abil: Dig
Press: ? - help, Q - select action, (/) - cycle Dir - look around, f - activate Look: an orc priest, wielding a +0 mace and wearing a +0 leather armour You extend your mandibles.
Non-targeted abil: Dig
Press: ? - help, Q - select action, (/) - cycle Dir - look around, f - activate You retract your mandibles.
Non-targeted abil: Dig
Press: ? - help, Q - select action, (/) - cycle Dir - look around, f - activate
Okay, then.
Unknown command.
Unknown command.
Fire: a) +0 shortbow
Press: ? - help, Q - select action, (/) - cycle Shift-Dir - straight line, f - orc priest
Aim: an orc priest, wielding a +0 mace and wearing a +0 leather armour (64% to hit)
You shoot an arrow.
The arrow completely misses the orc priest.
The orc priest completely misses you. The rat bites you but does no damage.
The orc hits you with a +2 whip of electrocution.
The orc priest hits you with a +0 mace.
Fire: a) +0 shortbow
Press: ? - help, Q - select action, (/) - cycle Shift-Dir - straight line, f/p - orc priest
Aim: an orc priest, wielding a +0 mace and wearing a +0 leather armour (64% to hit)
You shoot an arrow. The arrow hits the orc priest!
The orc priest is severely wounded.
The orc priest mumbles some strange prayers to Beogh against you.
Beogh smites you!
* * * LOW HITPOINT WARNING * * *
The rat bites you but does no damage.
The orc hits you with a +2 whip of electrocution.
* * * LOW HITPOINT WARNING * * *
You are electrocuted!!
You die...

####...## #......##
........###########
#......##
####..............#
##.......
##.###########.#
#....#### #.# #.#
#.##.# # #.# #.#
#.##+## # ##'##
######.### #.#...###
##...## #...roo..##
#...8.##. ##.....##
#.#.o@....# ###....##
##.......###.#.#####.#
##...##
#.........##.#.#
#.#######....#
'.........'(...#
#.......##....
#.........##.#.#
#.######.#.>.8
##.......###.#.#####.#
###.... ##.....##
#.........# #...†#
##...## ######.####
##..)## ##'## #.#
#####....#


You could see 2 orc priests, an orc and a rat.

Vanquished Creatures
  Natasha (D:2)
  2 adders (D:2)
  3 dart slugs (D:1)
  An orc (D:2)
  2 endoplasms (D:1)
  A giant cockroach (D:1)
  4 hobgoblins
  4 jackals (D:1)
  3 kobolds (D:1)
  7 quokkas
  3 ball pythons
  6 bats (D:1)
  3 frilled lizards (D:1)
  6 goblins
  5 rats
51 creatures vanquished.

Notes
Turn   | Place    | Note
-------+----------+-------------------------------------------
     0 | D:1      | wilfster70 the Formicid Hunter began the quest for the Orb.
     0 | D:1      | Reached XP level 1. HP: 16/16 MP: 1/1
    44 | D:1      | Reached XP level 2. HP: 20/23 MP: 2/2
   232 | D:1      | Reached XP level 3. HP: 28/28 MP: 3/3
   766 | D:1      | Found a faded altar of an unknown god.
   777 | D:1      | Got Plato's Papyrus of Companions
  1017 | D:2      | Reached XP level 4. HP: 35/35 MP: 4/4
  1296 | D:2      | Reached skill level 5 in Ranged Weapons
  1517 | D:2      | Found a glowing silver altar of Zin.
  1928 | D:3      | Noticed Natasha
  1935 | D:2      | Killed Natasha
  1936 | D:2      | Reached XP level 5. HP: 24/41 MP: 5/5
  2213 | D:2      | Mangled by an orc

Illustrated notes

Levels and vault maps discovered:
D:1:      roderic_dead_forest, layout_basic,
          shapermc_ecumenical_altar_rom_forum, minmay_heptomino_o4
D:2:      layout_loops_corners, basic_altar, serial_park_tiny_1,
          grunt_ministairs_13
D:3:      minmay_general_purpose_star, layout_basic,
          mainiacjoe_overflow_small_starburst, mainiacjoe_overflow_alcove_1,
          uniq_natasha

Skill      XL: |  1  2  3  4 |
---------------+-------------+-----
Stealth        | 2 |  2.0
Fighting       | 3 |  3.3
Ranged Weapons | 5 |  5.3
Dodging        | |  1.7

Action                   |  1- 3 |  4- 6 || total
-------------------------+-------+-------++-------
 Fire: Shortbow          |    89 |    46 ||   135
 Abil: Dig               |       |     2 ||     2
Armor: Leather armour    |     7 |       ||     7
       Ring mail         |    10 |    19 ||    29
Dodge: Dodged            |    33 |    25 ||    58

Table legend: (Time is in decaauts)
 A = Elapsed time spent in this place.
 B = Non-inter-level travel time spent in this place.
 C = Inter-level travel time spent in this place.
 D = Time resting spent in this place.
 E = Time spent auto-exploring this place.
 F = Levels seen in this place.
 G = Mean time per level.
                   A        B        C        D        E       F      G
               +--------+--------+--------+--------+--------+-----+--------+
         Total |   2261 |   2205 |     56 |    463 |   1118 |   3 |  753.7 |
       Dungeon |   2261 |   2205 |     56 |    463 |   1118 |   3 |  753.7 |
               +--------+--------+--------+--------+--------+-----+--------+

Top non-repeatable levels by time:
     D:2: 1211 daAuts
     D:1: 1038 daAuts
     D:3: 10 daAuts
